Cogmind - Beta 17 @@@ ROGUE MODE // 2026.06.27 @ 14:56:58 Player: nnnnsk Result: Destroyed by S-27 Virus with Autogun Performance ------------- Evolutions (5) 2500 Regions Visited (11) 2200 Robots Destroyed (201) 1005 Value Destroyed (7776) 7776 Prototype IDs (29) 580 Alien Tech Used (0) 0 Bonus (2702) 2702 TOTAL SCORE: 16763 Bonus ------- High Alert Combat Kills 432 Follower Combat Kills 452 Entered Garrisons 400 Used RIF Installer 1000 Registered with UFD 300 Met Optimus in HQ 500 Friendly Fire -382 Cogmind --------- Core Integrity 0/1000 Matter 300/300 Energy 80/100 System Corruption 14% Temperature Cool (0) Movement Core (50) Location -5/Factory Parts ------- > --- POWER (2) -------- (None) > --- PROPULSION (5) --- (None) > --- UTILITY (7) ------ Improved Signal Interpreter Improved Target Analyzer Improved Hacking Suite Relay Coupler [NC] (1) Relay Coupler [Hunter] (17) A0-MCA's Component Scanner > --- WEAPON (3) ------- (None) > --- INVENTORY (5) ---- Improved Sensor Array Improved Remote Datajack Improved Remote Datajack DRS Beacon (Ready) Peak State ------------ > --- POWER ------------ Micro Fission Core Micro Fission Core > --- PROPULSION ------- Improved Treads Improved Treads Improved Carbon-fiber Leg Flexi-carbon Leg Flexi-carbon Leg > --- UTILITY ---------- Advanced Heat Sink Improved Signal Interpreter Advanced Terrain Scan Processor Improved Target Analyzer Relay Coupler [NC] Relay Coupler [Behemoth] A0-MCA's Component Scanner > --- WEAPON ----------- Wave Gun Precision Assault Rifle KE Penetrator > --- INVENTORY -------- Improved Sensor Array Relay Coupler [Hunter] Improved Remote Datajack Improved Remote Datajack DRS Beacon [Rating: 82] Favorites ----------- Power Light Angular Momentum Engine Engine Light Angular Momentum Engine Power Core Micro Nuclear Core Reactor Light Antimatter Reactor Propulsion Improved Treads Treads Improved Treads Leg Carbon-fiber Leg Wheel Wheel Flight Unit VTOL Module Utility Improved Signal Interpreter Device Advanced Heat Sink Storage Large Storage Unit Processor Improved Signal Interpreter Hackware Hacking Suite Protection Medium Armor Plating Weapon Heavy Laser Energy Gun Heavy Laser Energy Cannon Cooled Plasma Cannon Ballistic Gun Minigun Launcher Missile Launcher Special Weapon Improved Remote Datajack Slashing Weapon Katana Build | -11 -10 -9 -8 -8 -8 -8 -6 -6 -6 -6 -5 ------- Run | Yrd Mat Mat Mat Sto Rec Scr Fac Gar Fac Gar Fac Slots Evolved 10 | . . 2 2 . . . 4 . . . 2 Power 1 | . . . . . . . 1 . . . . Propulsion 3 | . . . 2 . . . 1 . . . . Utility 5 | . . 2 . . . . 1 . . . 2 Weapon 1 | . . . . . . . 1 . . . . Parts Attached 201 | 7 9 24 10 15 4 7 1 37 15 31 41 Power 28 | 1 1 4 1 . 1 . . 6 3 5 6 Engine 15 | 1 1 3 1 . 1 . . 6 1 . 1 Core 12 | . . 1 . . . . . . 2 4 5 Reactor 1 | . . . . . . . . . . 1 . Propulsion 63 | 2 1 6 4 7 1 2 . 10 6 11 13 Treads 32 | 2 1 6 4 7 1 2 . 6 . . 3 Leg 21 | . . . . . . . . 2 4 9 6 Wheel 2 | . . . . . . . . . 2 . . Hover . | . . . . . . . . . . . . Flight 8 | . . . . . . . . 2 . 2 4 Utility 51 | 2 3 5 4 4 1 3 1 7 4 5 12 Device 21 | 1 1 2 2 1 1 1 1 4 1 2 4 Storage 3 | 1 1 1 . . . . . . . . . Processor 7 | . 1 1 . . . 1 . . 1 . 3 Hackware 7 | . . 1 . . . . . . . 1 5 Protection 13 | . . . 2 3 . 1 . 3 2 2 . Artifact . | . . . . . . . . . . . . Weapon 59 | 2 4 9 1 4 1 2 . 14 2 10 10 Energy Gun 20 | 2 1 1 . 1 . 1 . 6 . 4 4 Energy Cannon 2 | . . . . . . . . . 1 . 1 Ballistic Gun 25 | . 2 7 1 2 . 1 . 5 1 2 4 Ballistic Cannon . | . . . . . . . . . . . . Launcher 3 | . . . . 1 . . . 1 . 1 . Special Weapon 4 | . 1 . . . . . . 1 . 1 1 Impact Weapon . | . . . . . . . . . . . . Slashing Weapon 4 | . . 1 . . 1 . . . . 2 . Piercing Weapon . | . . . . . . . . . . . . Special Melee Weapon 1 | . . . . . . . . 1 . . . Unidentified Prototypes 5 | . . 3 . 2 . . . . . . . Corrupted Parts 1 | . . . . . . . . . . . 1 System Corruption 2 | . . . . . . . . . . . 2 Parts Lost 94 | . 1 2 2 3 3 . . 26 5 21 31 Power 15 | . 1 1 . . 1 . . 4 1 3 4 Propulsion 36 | . . . . 1 . . . 11 3 10 11 Utility 15 | . . . 1 2 1 . . 3 . 1 7 Weapon 28 | . . 1 1 . 1 . . 8 1 7 9 Highest Loss Streak 20 | . 1 1 1 1 3 . . 20 3 10 12 To Critical Strikes . | . . . . . . . . . . . . Average Backups 12 | 4 8 12 14 14 14 14 12 12 13 13 7 Power . | . . . . 1 . . . . . . . Propulsion 3 | 2 4 5 4 3 4 4 3 1 . 1 . Utility 4 | . 1 3 5 4 3 3 2 5 8 7 4 Weapon 3 | . 1 4 4 5 4 4 4 4 4 1 . Tool/Special . | . . . . . . . . . . . . Unused Backups 45 | . 3 1 3 6 1 2 . 4 11 7 7 Power 1 | . . . . 1 . . . . . . . Propulsion 20 | . 3 . 2 4 . 2 . 2 4 2 1 Utility 16 | . . 1 . . . . . 2 4 5 4 Weapon 6 | . . . 1 1 . . . . 3 . 1 Tool/Special 2 | . . . . . 1 . . . . . 1 Average Slot Usage (%) 96 | . 99 99 99 99 96 93 91 95 97 96 87 Engine 8 | . 13 9 9 9 8 9 6 12 8 3 . Core 1 | . . 1 . . . . . . 3 7 6 Treads 23 | . 27 22 35 35 36 36 33 27 8 . 3 Leg 5 | . . . . . . . . 1 17 31 16 Device 7 | . 13 11 7 1 1 9 6 6 6 5 7 Storage 8 | . 14 11 9 9 9 9 6 6 5 6 2 Processor 10 | . . 11 9 9 9 14 13 13 16 13 14 Hackware 4 | . . 10 9 9 6 . . . . 4 11 Protection 3 | . . . 1 7 9 3 5 5 2 1 . Energy Gun 5 | . 15 7 . . . 5 6 4 5 6 6 Ballistic Gun 9 | . 11 13 13 14 8 5 11 11 7 3 3 Slashing Weapon 1 | . . . 4 3 6 . . 1 . 2 . Peak Build Rating 82 | 9 9 21 32 33 30 44 52 62 66 69 82 Average Rating 38 | 5 8 17 27 30 29 35 50 55 58 62 66 On Entrance 33 | . 9 8 21 32 30 25 44 52 55 64 57 Avg Prop Armor Cover (%) 6 | . . . . . . 7 4 4 8 2 7 Naked Turns . | . . . . . . . . . . . . Heaviest Build 61 | 13 18 35 37 42 41 38 47 61 61 57 52 Greatest Support 116 | 40 40 40 87 92 92 93 91 116 80 85 99 Greatest Overweight (x) 12 | . . . . . . . . 12 2 1 2 Average Overweight (x) . | . . . . . . . . . . . . Largest Inventory Capacity 15 | 8 10 15 15 15 15 15 15 15 15 15 15 Average Capacity 13 | 6 8 14 15 15 15 15 15 15 14 15 9 Most Carried 15 | 7 10 15 15 15 15 15 15 15 15 15 15 Average Carried 12 | 4 8 13 14 14 14 14 13 13 14 14 8 Final Capacity 15 | 8 10 15 15 15 15 15 15 15 15 15 5 Final Carried 15 | 7 10 15 15 15 15 15 15 11 15 11 4 Class Distribution -------------------- 31% | Mutant 20% | Commander-Mutant 17% | Scavenger-Mutant 11% | Scavenger-Skirmisher 8% | Scavenger-Tank 4% | Scavenger-Gunner Dominant Class ---------------- Mutant | -10/Materials Scavenger-Mutant | -9/Materials Mutant | -8/Materials Mutant | -8/Storage Commander-Mutant | -8/Recycling Commander-Mutant | -8/Scraptown Commander-Tank | -6/Factory Scavenger-Tank | -6/Garrison Scavenger-Skirmisher | -6/Factory Scavenger-Mutant | -6/Garrison Scavenger-Skirmisher | -5/Factory Resources | -11 -10 -9 -8 -8 -8 -8 -6 -6 -6 -6 -5 ----------- Run | Yrd Mat Mat Mat Sto Rec Scr Fac Gar Fac Gar Fac Matter Collected 6033 | 205 357 707 421 938 225 39 . 1147 390 628 976 Remotely . | . . . . . . . . . . . . Salvage Created 9284 | 43 673 1400 479 1915 346 . . 956 957 1181 1334 Parts 416 | 5 38 89 24 83 8 . . 31 41 47 50 Haulers Intercepted 8 | . 2 3 1 2 . . . . . . . Recyclers Shooed 8 | . 2 1 . 3 . . . . 1 . 1 Parts Field Recycled . | . . . . . . . . . . . . Retrieved Matter . | . . . . . . . . . . . . Parts Self-Destructed . | . . . . . . . . . . . . Prevented . | . . . . . . . . . . . . Parts Restored . | . . . . . . . . . . . . Kills | -11 -10 -9 -8 -8 -8 -8 -6 -6 -6 -6 -5 ------- Run | Yrd Mat Mat Mat Sto Rec Scr Fac Gar Fac Gar Fac Combat Hostiles Destroyed 138 | . 15 23 6 27 1 . . 23 8 24 11 Melee 1 | . . . . . . . . 1 . . . Guns 97 | . 15 23 6 19 1 . . 16 3 8 6 Cannons 18 | . . . . . . . . . 5 12 1 AOE 16 | . . . . 8 . . . 6 . 1 1 Classes Destroyed 18 | 2 5 5 . 1 . . . 3 1 1 . Worker 15 | 1 . 4 . 3 . . . . 1 . 6 Builder 4 | . . 1 . 1 . . . . 2 . . Tunneler 1 | 1 . . . . . . . . . . . Hauler 8 | . 2 3 1 2 . . . . . . . Recycler 17 | . 1 1 . 3 3 . . . 4 . 5 Mechanic 3 | . . 1 1 1 . . . . . . . Operator 2 | . . 2 . . . . . . . . . Watcher 11 | . 1 4 3 1 . . . . 1 . 1 Swarmer 19 | . 6 6 . . . . . 3 . 4 . Cutter 4 | . . . . . . . . . . 4 . Grunt 64 | . 9 10 4 18 . . . 10 3 8 2 Brawler 1 | . . . . . . . . 1 . . . Duelist 7 | . . 2 . 4 . . . . . 1 . Protector 1 | . . . . 1 . . . . . . . Sentry 23 | . . 5 2 4 1 . . 5 1 3 2 Hunter 8 | . . . . . . . . 3 1 2 2 Programmer 10 | . . . . . . . . . 3 2 5 Behemoth 1 | . . . . . . . . 1 . . . Thug 2 | . . . . 2 . . . . . . . Best Kill Streak 12 | 1 6 5 4 12 1 . . 7 6 6 9 Combat Bots Only 9 | . 6 5 4 9 1 . . 7 4 6 2 Max Kills in Single Turn 5 | 1 1 1 1 3 1 . . 2 2 1 5 Gunslinging 1 | . . . . . . . . 1 . . . Exploded 2 | . . . . 2 . . . 2 . 1 1 Melee 1 | . . . . . . . . 1 . . . Uniques/NPCs Destroyed . | . . . . . . . . . . . . Combat | -11 -10 -9 -8 -8 -8 -8 -6 -6 -6 -6 -5 -------- Run | Yrd Mat Mat Mat Sto Rec Scr Fac Gar Fac Gar Fac Hostile Shots Fired 1397 | . 74 99 61 112 4 . . 466 50 269 262 Missed 402 | . 23 28 13 23 1 . . 147 14 92 61 Hits 995 | . 51 71 48 89 3 . . 319 36 177 201 Melee 20 | . . 3 . 7 . . . . . 10 . Projectile 975 | . 51 68 48 82 3 . . 319 36 167 201 AOE 4 | . . . . . . . . . . 3 1 Critical Strikes 40 | . . 3 5 6 1 . . 6 . 10 9 Damage Taken 15144 | . 579 870 757 1523 405 . . 3815 618 2644 3933 Core 2273 | . 137 129 35 93 32 . . 456 76 313 1002 Absorbed by Shields 8 | . . . . 8 . . . . . . . Redirected to Shielding 42 | . . . . . . . . . . 19 23 Regen/Repaired (Parts) 851 | . 69 . . 194 . . . . 315 135 138 Core Remaining (%) 56 | 100 45 67 . . . 70 . . . . . Volleys Fired 577 | 7 78 92 42 92 6 . . 75 36 70 79 Largest 3 | 2 2 2 2 2 1 . . 3 3 3 3 Hottest 223 | 80 100 79 46 50 25 . . 136 132 197 223 Shots Fired 1204 | 14 148 183 82 173 7 . . 170 91 187 149 Gun 1061 | 14 140 183 82 165 7 . . 158 62 122 128 Cannon 93 | . . . . . . . . . 25 63 5 Launcher 24 | . . . . 8 . . . 11 4 1 . Special 26 | . 8 . . . . . . 1 . 1 16 Kinetic 717 | . 68 132 82 165 7 . . 109 34 59 61 Thermal 406 | 14 80 51 . . . . . 49 53 113 46 Explosive 16 | . . . . . . . . 11 4 1 . Electromagnetic 47 | . . . . 8 . . . . . 13 26 Robot Hit Streak 25 | 4 11 19 25 12 7 . . 17 11 11 15 Robot Miss Streak 5 | 3 4 3 4 5 1 . . 3 5 5 3 Penetration Max 2 | . . . . . . . . 2 1 1 1 Secondary Targets 12 | . . 1 2 3 . . . 4 . 1 1 Max Gunslinging Chain 1 | . . 1 1 1 . . . 1 . 1 1 Shots Hit Robots 843 | 8 85 128 70 125 10 . . 133 66 107 111 Core Hits 441 | 3 33 57 26 88 4 . . 106 46 38 40 Critical Kills 4 | . . 1 . . . . . . . 2 1 Critical Parts Destroyed 3 | . . 1 . . . . . 1 . . 1 Critical Strikes 20 | . 4 3 . . . . . 5 . 2 6 Burn 9 | . 4 1 . . . . . 1 . . 3 Meltdown 2 | . . . . . . . . . . 2 . Destroy 5 | . . 2 . . . . . 1 . . 2 Corrupt 1 | . . . . . . . . . . . 1 Sever 3 | . . . . . . . . 3 . . . Melee Attacks 79 | . . 5 8 14 7 . . 27 . 14 4 Impact . | . . . . . . . . . . . . Slashing 79 | . . 5 8 14 7 . . 27 . 14 4 Piercing . | . . . . . . . . . . . . Sneak Attacks 9 | . . 2 2 2 3 . . . . . . Combat Hostiles . | . . . . . . . . . . . . Follow-up Attacks . | . . . . . . . . . . . . Damage Inflicted 19803 | 90 1115 1948 1196 3217 408 . . 4203 2070 2593 2963 Guns 12856 | 90 1115 1769 971 2075 75 . . 2382 980 1334 2065 Cannons 1952 | . . . . . . . . . 652 1232 68 Explosions 3828 | . . . . 1003 . . . 1635 438 27 725 Melee 1167 | . . 179 225 139 333 . . 186 . . 105 Ramming . | . . . . . . . . . . . . Kinetic 8680 | . 544 1290 971 2075 75 . . 1470 594 581 1080 Thermal 6806 | 90 571 479 . 202 . . . 912 1354 1810 1388 Explosive 1784 | . . . . . . . . 1635 122 27 . Electromagnetic 1366 | . . . . 801 . . . . . 175 390 Impact . | . . . . . . . . . . . . Slashing 1167 | . . 179 225 139 333 . . 186 . . 105 Piercing . | . . . . . . . . . . . . Highest Corruption 14 | . . . . 3 9 9 . . 2 5 14 Average Corruption 4 | . . . . 2 4 9 . . 1 4 9 Corruption Purged . | . . . . . . . . . . . . Corruption Blocked . | . . . . . . . . . . . . Effects 120 | . . . . 18 34 1 . . 4 27 36 Message Errors 31 | . . . . 4 9 . . . 2 8 8 Matter Fused 25 | . . . . 5 8 1 . . . 5 6 Heat Flow Errors 16 | . . . . 3 2 . . . 1 6 4 Energy Discharges 14 | . . . . 2 3 . . . 1 3 5 Parts Fused 3 | . . . . 1 2 . . . . . . Data Loss (minor) 17 | . . . . 1 8 . . . . 1 7 Data Loss (major) 2 | . . . . 1 1 . . . . . . Misfires 7 | . . . . 1 1 . . . . 3 2 Alerts 2 | . . . . . . . . . . . 2 Misdirections 1 | . . . . . . . . . . . 1 Weapon Failures 2 | . . . . . . . . . . 1 1 Overload Shots 8 | . . . . . . . . . . 8 . Overflow Damage 570 | . . 56 . 12 78 . . 3 213 106 102 Projectiles 119 | . . . . . . . . . 13 106 . Explosions 317 | . . . . 12 . . . 3 200 . 102 Melee 134 | . . 56 . . 78 . . . . . . Knockbacks . | . . . . . . . . . . . . Impact . | . . . . . . . . . . . . Kinetic . | . . . . . . . . . . . . Secondary . | . . . . . . . . . . . . Self-Inflicted Damage 325 | . . . . 58 . . . . 79 133 55 Shots 8 | . . . . 4 . . . . 1 2 1 Rammed . | . . . . . . . . . . . . Targets Rammed . | . . . . . . . . . . . . Kicked . | . . . . . . . . . . . . Crushed . | . . . . . . . . . . . . Highest Temperature 754 | 90 144 93 51 287 180 . . 340 470 504 754 Average Temperature 89 | 38 40 19 22 43 60 . . 67 124 128 182 Received Heat Transfer 4020 | . 237 309 414 725 27 . . 1257 48 631 372 Effects 26 | . . . . . . . . . 2 7 17 Shutdowns 14 | . . . . . . . . . 1 5 8 Energy Bleed 1 | . . . . . . . . . . . 1 Interference 3 | . . . . . . . . . . 1 2 Matter Decay 3 | . . . . . . . . . . . 3 Short Circuit 2 | . . . . . . . . . 1 . 1 Damage (minor) 2 | . . . . . . . . . . 1 1 Damage (core) 1 | . . . . . . . . . . . 1 Siege Activations . | . . . . . . . . . . . . Martial Activations . | . . . . . . . . . . . . Shielding Activations . | . . . . . . . . . . . . Robots Disrupted . | . . . . . . . . . . . . Combat Hostiles . | . . . . . . . . . . . . Robots Corrupted . | . . . . . . . . . . . . Combat Hostiles . | . . . . . . . . . . . . Parts Fried 4 | . . . . 4 . . . . . . . Impact Corruptions . | . . . . . . . . . . . . Robots Melted 6 | . . . . . . . . . . 3 3 Combat Hostiles 6 | . . . . . . . . . . 3 3 Parts Melted 32 | . 2 2 . . 3 . . . 3 14 8 Heat Transferred 12576 | 200 1986 1295 . 300 . . . 1891 1940 2950 2014 Parts Sabotaged . | . . . . . . . . . . . . Parts Stolen . | . . . . . . . . . . . . Parts Stripped . | . . . . . . . . . . . . Power Chain Reactions 4 | . . . . 3 . . . . . . 1 Alert | -11 -10 -9 -8 -8 -8 -8 -6 -6 -6 -6 -5 ------- Run | Yrd Mat Mat Mat Sto Rec Scr Fac Gar Fac Gar Fac Maximum Alert Level 3 | . 1 1 1 1 . . . 3 2 3 1 Low Security (%) 51 | 100 79 58 98 28 100 . 100 14 6 1 68 Level 1 33 | . 20 41 1 71 . . . 17 90 32 31 Level 2 9 | . . . . . . . . 46 2 38 . Level 3 5 | . . . . . . . . 21 . 26 . Level 4 . | . . . . . . . . . . . . Level 5 . | . . . . . . . . . . . . High Security . | . . . . . . . . . . . . Max Security . | . . . . . . . . . . . . Peak Influence 798 | 5 257 361 203 339 94 . . 798 415 737 372 Initial 415 | . 3 103 142 . 78 . . 9 415 192 372 Average 213 | . 78 175 98 221 28 . . 486 265 509 131 Influence Increases 5651 | 10 446 798 262 851 388 . 14 1204 426 738 514 Destroy 0b10 Robot/C 3000 | . 300 460 120 540 100 . . 620 160 480 220 Destroy 0b10 Robot/NC 325 | 10 20 80 25 65 25 . . . 40 . 60 Destroy Leader 560 | . 66 134 38 118 . . . 40 62 40 62 Allied During Kill 163 | . . . . 9 81 . . 73 . . . Successful Hack 191 | . 8 28 16 10 60 . 14 16 33 . 6 Select Force Hacks 120 | . . . . . 120 . . . . . . Disable Machine 270 | . 15 30 15 60 . . . 30 60 . 60 Anti-Garrison Action 350 | . . . . . . . . 250 . 100 . Destroy Structure 282 | . 7 6 3 19 2 . . 85 41 73 46 Partial Spotted 15 | . . 15 . . . . . . . . . Lose Combat Pursuer 375 | . 30 45 45 30 . . . 90 30 45 60 Influence Decreases 5522 | 5 206 706 599 648 591 . . 425 944 303 1095 Entered New Map 1268 | . 2 142 195 . 125 . . 5 378 83 338 Time Decay 3002 | 5 194 544 384 478 444 . . . 506 . 447 Lost Part 902 | . 10 20 20 20 2 . . 260 50 210 310 Lost Ally 200 | . . . . . 20 . . 160 10 10 . Purge Threat 150 | . . . . 150 . . . . . . . Squads Dispatched 20 | . 4 2 1 4 . . 1 . 5 . 3 Investigation 6 | . 2 1 . . . . 1 . 1 . 1 Extermination 5 | . . . . . . . . . 3 . 2 Reinforcement 6 | . 2 1 1 2 . . . . . . . Assault 2 | . . . . 2 . . . . . . . Garrison 1 | . . . . . . . . . 1 . . Intercept . | . . . . . . . . . . . . Searches Triggered . | . . . . . . . . . . . . Construction Impeded 1 | . . . . 1 . . . . . . . Haulers Reinforced . | . . . . . . . . . . . . Active Scanning Responses . | . . . . . . . . . . . . Cargo Convoy Interrupts . | . . . . . . . . . . . . Stealth | -11 -10 -9 -8 -8 -8 -8 -6 -6 -6 -6 -5 --------- Run | Yrd Mat Mat Mat Sto Rec Scr Fac Gar Fac Gar Fac Distress Signals 11 | . 2 3 . 2 . . . . 2 . 2 Communications Jammed . | . . . . . . . . . . . . Distress Signals . | . . . . . . . . . . . . Times Spotted 227 | . 28 34 18 37 2 . 1 37 12 27 31 Peak Tracking Total 9 | . 4 7 4 9 2 . 1 9 3 7 8 Tactical Retreats 18 | . 2 3 2 2 . . . 4 1 2 2 Traps | -11 -10 -9 -8 -8 -8 -8 -6 -6 -6 -6 -5 ------- Run | Yrd Mat Mat Mat Sto Rec Scr Fac Gar Fac Gar Fac Traps Triggered 12 | . 2 2 . . . . . 4 . 2 2 Indirectly . | . . . . . . . . . . . . Trap Hack Attempts . | . . . . . . . . . . . . Triggered . | . . . . . . . . . . . . Disarmed 5 | . . . . 5 . . . . . . . Reprogrammed . | . . . . . . . . . . . . Reused . | . . . . . . . . . . . . Traps Extracted . | . . . . . . . . . . . . Installed . | . . . . . . . . . . . . Triggered . | . . . . . . . . . . . . Machines | -11 -10 -9 -8 -8 -8 -8 -6 -6 -6 -6 -5 ---------- Run | Yrd Mat Mat Mat Sto Rec Scr Fac Gar Fac Gar Fac Machines Disabled 25 | . 1 2 1 4 . . . 5 4 4 4 Max in Single Turn 4 | . 1 1 1 1 . . . 1 4 2 2 Garrison Access 1 | . . . . . . . . . . . 1 Garrison Relay 4 | . . . . . . . . 3 . 1 . Phase Generator 1 | . . . . . . . . . . 1 . Machines Repaired . | . . . . . . . . . . . . Machines Dismantled . | . . . . . . . . . . . . Machines Sabotaged . | . . . . . . . . . . . . Overloaded Fab Kills . | . . . . . . . . . . . . Hacking | -11 -10 -9 -8 -8 -8 -8 -6 -6 -6 -6 -5 --------- Run | Yrd Mat Mat Mat Sto Rec Scr Fac Gar Fac Gar Fac Machines Accessed 62 | . 7 7 5 9 10 7 1 1 7 1 7 Terminals 36 | . 6 6 4 8 6 . . 1 2 1 2 Fabricators 2 | . . . . . . . . . 1 . 1 Repair Stations 5 | . 1 . . 1 . . . . 2 . 1 Recycling Units 7 | . . . . . 4 . . . 1 . 2 Scanalyzers 2 | . . 1 1 . . . . . . . . Garrison Access 3 | . . . . . . . 1 . 1 . 1 Total Hacks 198 | . 15 23 12 34 37 40 3 2 16 1 15 Successful 140 | . 9 15 12 19 24 40 1 1 9 . 10 Failed 57 | . 6 7 . 15 13 . 2 1 7 1 5 Catastrophic 4 | . 1 1 . 1 . . . . . . 1 Database Lockouts 1 | . . 1 . . . . . . . . . Manual 76 | . 10 10 8 17 22 . . . 5 . 4 Terminals 115 | . 13 21 9 29 31 . . 2 5 1 4 Fabricators 5 | . . . . . . . . . 3 . 2 Repair Stations 16 | . 2 . . 5 . . . . 5 . 4 Recycling Units 12 | . . . . . 6 . . . 2 . 4 Scanalyzers 5 | . . 2 3 . . . . . . . . Garrison Access 5 | . . . . . . . 3 . 1 . 1 Terminal Hacks 76 | . 3 8 1 10 12 40 . 1 1 . . Record 33 | . . . . . . 33 . . . . . Part Schematic 5 | . . . . 1 4 . . . . . . Robot Schematic 1 | . . . . . 1 . . . . . . Robot Analysis 7 | . . . 1 . . 6 . . . . . Prototype ID Bank 2 | . . 1 . . 1 . . . . . . Open Door 2 | . . . . 2 . . . . . . . Branch Access Points 2 | . 1 1 . . . . . . . . . Emergency Access Points 2 | . . 1 . . 1 . . . . . . Terminal Index 2 | . . 1 . . 1 . . . . . . Garrison Index 1 | . . . . . 1 . . . . . . Alert Level 3 | . . . . 2 1 . . . . . . Unreport Threat 1 | . . . . 1 . . . . . . . Locate Traps 5 | . 1 1 . 1 1 . . . 1 . . Disarm Traps 1 | . . . . 1 . . . . . . . Recall Reinforcements 1 | . . 1 . . . . . . . . . Registered Prototypes 1 | . . 1 . . . . . . . . . Zone Layout 5 | . 1 1 . 2 1 . . . . . . Security Stations 1 | . . . . . . . . 1 . . . Proto ID Catalog 1 | . . . . . . 1 . . . . . Fabricator Hacks 3 | . . . . . . . . . 2 . 1 Network Status 1 | . . . . . . . . . . . 1 Load Schematic 1 | . . . . . . . . . 1 . . Build 1 | . . . . . . . . . 1 . . Repair Station Hacks 12 | . 2 . . 4 . . . . 2 . 4 Scan Component 6 | . 1 . . 2 . . . . 1 . 2 Repair 6 | . 1 . . 2 . . . . 1 . 2 Recycling Unit Hacks 5 | . . . . . . . . . 2 . 3 Report Inventory 3 | . . . . . . . . . 1 . 2 Retrieve Components 2 | . . . . . . . . . 1 . 1 Scanalyzer 4 | . . 1 3 . . . . . . . . Insert Component 1 | . . . 1 . . . . . . . . Analyze 1 | . . . 1 . . . . . . . . Retrieve Study 2 | . . 1 1 . . . . . . . . Garrison Access Hacks 3 | . . . . . . . 1 . 1 . 1 Unlock Access 2 | . . . . . . . 1 . 1 . . Seal Access 1 | . . . . . . . . . . . 1 Unauthorized Hacks 36 | . 4 6 8 5 11 . . . 1 . 1 Terminals 30 | . 4 6 8 5 7 . . . . . . Track 4 | . 2 . 2 . . . . . . . . Botnet 10 | . 2 1 2 2 3 . . . . . . Operators 1 | . . . 1 . . . . . . . . Skim 15 | . . 5 3 3 4 . . . . . . Fabricators 2 | . . . . . . . . . 1 . 1 Prioritize 1 | . . . . . . . . . 1 . . Haulers 1 | . . . . . . . . . . . 1 Repair Stations . | . . . . . . . . . . . . Recycling Units 4 | . . . . . 4 . . . . . . Tunnel 4 | . . . . . 4 . . . . . . Scanalyzers . | . . . . . . . . . . . . Garrison Access . | . . . . . . . . . . . . Data Cores Recovered 1 | . . 1 . . . . . . . . . Used 1 | . . 1 . . . . . . . . . Hacking Detections 39 | . 6 5 4 8 5 . 1 1 4 1 4 Full Trace Events 2 | . . . . . . . 1 . 1 . . Feedback Events . | . . . . . . . . . . . . Feedback Blocked . | . . . . . . . . . . . . Robot Schematics Acquired 1 | . . . . . 1 . . . . . . Robots Built 1 | . . . . . . . . . 1 . . Authchips . | . . . . . . . . . . . . Time 58 | . . . . . . . . . 58 . . Total Robot Build Rating 3 | . . . . . . . . . 3 . . Part Schematics Acquired 6 | . . . 1 1 4 . . . . . . Parts Built . | . . . . . . . . . . . . Authchips . | . . . . . . . . . . . . Time . | . . . . . . . . . . . . Total Part Build Rating . | . . . . . . . . . . . . Part Studies Acquired 2 | . . 1 1 . . . . . . . . Parts Repaired 6 | . 1 . . 2 . . . . 1 . 2 Time 207 | . 26 . . 92 . . . . 13 . 76 Parts Recycled . | . . . . . . . . . . . . Recycled Matter . | . . . . . . . . . . . . Retrieved Matter . | . . . . . . . . . . . . Retrieved Components 11 | . . . . . . . . . 10 . 1 Parts Scanalyzed 1 | . . . 1 . . . . . . . . Part Schematics Acquired 1 | . . . 1 . . . . . . . . Parts Damaged . | . . . . . . . . . . . . Bothacking | -11 -10 -9 -8 -8 -8 -8 -6 -6 -6 -6 -5 ------------ Run | Yrd Mat Mat Mat Sto Rec Scr Fac Gar Fac Gar Fac Used RIF Installer 2 | . . . . . . . . 1 . 1 . Watcher Feeds 1 | . . . . . . . . . . 1 . Robots Hacked 10 | . . . . . . . . . . 1 9 Non-combat 10 | . . . . . . . . . . 1 9 Combat . | . . . . . . . . . . . . Robot Hacks Applied 12 | . . . . . . . . . . 1 11 generate_echo 1 | . . . . . . . . . . . 1 find_recycling 2 | . . . . . . . . . . . 2 find_station 1 | . . . . . . . . . . . 1 release_backups 1 | . . . . . . . . . . . 1 mark_security 1 | . . . . . . . . . . . 1 overload_power 3 | . . . . . . . . . . . 3 streamctrl_low 1 | . . . . . . . . . . . 1 formatsys_low 2 | . . . . . . . . . . 1 1 Relay Couplers Released 19 | . . . . . . . . 12 . 5 2 Machine Destruction 19 | . . . . . . . . 12 . 5 2 Attached 4 | . . . . . . . . . . 1 3 Fabnet Peak Effective % . | . . . . . . . . . . . . Robots Rewired 1 | . . . . . . . . 1 . . . Allies Hacked . | . . . . . . . . . . . . Hacks Repelled . | . . . . . . . . . . . . Allies | -11 -10 -9 -8 -8 -8 -8 -6 -6 -6 -6 -5 -------- Run | Yrd Mat Mat Mat Sto Rec Scr Fac Gar Fac Gar Fac Total Allies 17 | . . . . 12 . . . 1 1 1 2 Largest Group 10 | . . . . 10 10 8 8 8 1 1 2 Highest-Rated Group 173 | . . . . 173 173 141 141 141 26 23 32 Highest-Rated Ally 31 | . . . . 31 29 29 29 30 26 23 26 Initial UFD Resources 27 | . . . . . . . 24 24 24 24 27 Total Orders 7 | . . . . . . . . . . 3 4 FOLLOW 1 | . . . . . . . . . . 1 . AID 2 | . . . . . . . . . . 2 . DROP 1 | . . . . . . . . . . . 1 PICKUP 1 | . . . . . . . . . . . 1 COLLECT 2 | . . . . . . . . . . . 2 Ally Attacks 133 | . . . . 15 30 . 9 79 . . . Total Damage 1795 | . . . . 236 422 . 165 972 . . . Kills 16 | . . . . 2 5 . . 9 . . . Allies Corrupted 1 | . . . . . . . . . 1 . . Allies Melted . | . . . . . . . . . . . . Intel | -11 -10 -9 -8 -8 -8 -8 -6 -6 -6 -6 -5 ------- Run | Yrd Mat Mat Mat Sto Rec Scr Fac Gar Fac Gar Fac Active Infowar (turns) 6988 | 30 999 766 740 98 298 1356 254 146 1368 33 900 Sensors 3235 | . . 766 629 98 . . . . 985 . 757 Terrain 2255 | 30 999 83 . . 298 70 159 8 442 . 166 Traps 1635 | . . . 111 . . 1291 95 138 . . . Machine Analysis 690 | . . . . . . . . . 657 33 . Robot Analysis Total 7 | . . . 1 . . 6 . . . . . Derelict Logs Recovered . | . . . . . . . . . . . . Drone Launches . | . . . . . . . . . . . . Drone Recoveries . | . . . . . . . . . . . . Exploration | -11 -10 -9 -8 -8 -8 -8 -6 -6 -6 -6 -5 ------------- Run | Yrd Mat Mat Mat Sto Rec Scr Fac Gar Fac Gar Fac Turns Passed 14121 | 109 1606 1571 959 1362 1510 1356 254 1568 1369 1157 1300 Spaces Moved 6790 | 47 533 676 365 512 858 846 158 635 678 655 827 Core 58 | 4 . . . . . . . 11 . . 43 Treads 4910 | 43 533 676 365 512 858 846 158 624 274 . 21 Legs 1607 | . . . . . . . . . 404 655 548 Wheels . | . . . . . . . . . . . . Hover . | . . . . . . . . . . . . Flight 215 | . . . . . . . . . . . 215 Fastest Speed 26 | 50 160 160 155 155 160 151 156 153 120 112 26 Average Speed 147 | 150 160 160 158 157 160 155 156 170 153 115 94 Slowest Speed 650 | 160 160 160 162 160 160 160 156 650 240 190 260 Overloaded Moves . | . . . . . . . . . . . . Propulsion Burnouts . | . . . . . . . . . . . . Robots Hopped 3 | . . . . . . . . . . . 3 Potential Cave-ins . | . . . . . . . . . . . . Cave-ins Triggered 1 | . . . . . 1 . . . . . . Exploration Rate (%) 47 | 4 79 53 34 73 99 70 5 63 16 47 24 Regions Visited 11 Branch Regions 3 Pre-discovered Areas 5 | . . 1 . . 4 . . . . . . Known Exits Taken 8 | . 1 1 1 1 1 1 1 . 1 . . Unknown Exits Taken 1 | 1 . . . . . . . . . . . Scrap Searched 2 | . . . . . . 2 . . . . . Spaces Dug 30 | . 6 2 2 10 2 . . 8 . . . Terrain Destroyed 232 | . 6 2 2 16 2 . . 33 59 90 22 Melee 24 | . . 2 2 10 2 . . 8 . . . Projectile 20 | . 6 . . . . . . 2 4 8 . AOE 187 | . . . . 6 . . . 22 55 82 22 Terrain Rammed . | . . . . . . . . . . . . Walls Destroyed . | . . . . . . . . . . . . Machines Disabled . | . . . . . . . . . . . . Actions | -11 -10 -9 -8 -8 -8 -8 -6 -6 -6 -6 -5 --------- Run | Yrd Mat Mat Mat Sto Rec Scr Fac Gar Fac Gar Fac Total 9713 | 68 1121 986 654 890 978 887 165 930 936 879 1219 Wait 1684 | . 488 156 202 220 95 18 . 91 153 54 207 Move 6775 | 46 532 675 364 511 857 845 158 634 678 654 821 Hop 3 | . . . . . . . . . . . 3 Pick Up 144 | 8 5 10 9 13 3 7 3 19 27 21 19 Fast Attach 80 | 6 2 2 1 4 1 . . 16 11 12 25 Attach 70 | 1 1 3 3 3 2 2 3 16 1 17 18 Detach 6 | . 1 1 . . 1 . . 2 . . 1 Swap 147 | . 9 27 14 20 4 7 1 25 9 16 15 Drop 138 | . 5 15 11 13 2 8 . 18 21 18 27 Fire 577 | 7 78 92 42 92 6 . . 75 36 70 79 Melee 79 | . . 5 8 14 7 . . 27 . 14 4 Ram . | . . . . . . . . . . . . Kick . | . . . . . . . . . . . . Crush . | . . . . . . . . . . . . Escape Stasis 2 | . . . . . . . . . . 2 . Rewire 8 | . . . . . . . . 7 . 1 . Trap . | . . . . . . . . . . . . Miscellaneous . | . . . . . . . . . . . . Route ------- -11/Scrapyard -10/Materials (discovered 5 exits: *Mat x3 / *Min x2) -9/Materials (discovered 2 exits: *Mat / *Min) -8/Materials -8/Storage (discovered 2 exits: *Fac / *Rec) -8/Recycling (discovered 2 exits: *Fac / *Scr) -8/Scraptown -6/Factory -6/Garrison (discovered 3 exits: *Fac x3) -6/Factory (discovered 2 exits: *Fac / Gar) -6/Garrison -5/Factory History --------- Turn | Location | Event 7 | -11/Scrapyard | Discovered new exit (range 15) 110 | -11/Scrapyard | Entered Materials 229 | -10/Materials | Discovered new exit (range 14) 301 | -10/Materials | Build established: Mutant 1192 | -10/Materials | Core integrity fell below 50% 1288 | -10/Materials | Discovered new exit (range 8) 1381 | -10/Materials | Repaired Lgt. Treads 1444 | -10/Materials | Discovered new exit (range 10) 1503 | -10/Materials | Identified exit to Mines 1599 | -10/Materials | Discovered new exit (range 10) 1714 | -10/Materials | Identified exit to Materials 1716 | -10/Materials | Entered another Materials area 1716 | -9/Materials | Evolved 2 slots: Utility x2 1979 | -9/Materials | Central database locked down 1982 | -9/Materials | Discovered new exit (range 14) 2006 | -9/Materials | Identified exit to Materials 2161 | -9/Materials | Build established: Scavenger-Mutant 2290 | -9/Materials | Discovered new exit (range 16) 2934 | -9/Materials | Learned Storage stockpile data 2949 | -9/Materials | Identified exit to Mines 2976 | -9/Materials | Learned location of 1 exit from Storage 3006 | -9/Materials | Learned Storage security intel 3025 | -9/Materials | Learned Storage interactive machine intel 3032 | -9/Materials | Loaded intel: 18 interactive machine locations 3033 | -9/Materials | Learned location of Zion (-6) 3034 | -9/Materials | Loaded intel: 9 trap records 3041 | -9/Materials | Learned 2 Storage zone layouts 3059 | -9/Materials | Learned Storage trap positions 3242 | -9/Materials | Build established: Mutant 3287 | -9/Materials | Entered another Materials area 3287 | -8/Materials | Evolved 2 slots: Propulsion x2 3288 | -8/Materials | Identified exit to Storage 4246 | -8/Materials | Entered Storage 4247 | -8/Storage | Identified exit to Recycling 4248 | -8/Storage | Identified exit to Factory 4249 | -8/Storage | Loaded intel: 20 trap records 4252 | -8/Storage | Loaded intel: 16 interactive machine locations 4404 | -8/Storage | Met a pair of Derelict thieves 4541 | -8/Storage | Destroyed 9 combat bots 4705 | -8/Storage | Repaired Adv. EMP Blaster 4738 | -8/Storage | Repaired Shotgun 5555 | -8/Storage | Assisted by bots powering up and referring to "LRC-V3" 5579 | -8/Storage | Used back door to open Recycling access 5608 | -8/Storage | Entered Recycling 5608 | -8/Recycling | Accompanied by 10 allies 5856 | -8/Recycling | Build established: Commander-Mutant 6585 | -8/Recycling | Discovered new exit (range 16) 6744 | -8/Recycling | Crushed by falling debris 6775 | -8/Recycling | Lost 3 parts (1p1u1w) 7000 | -8/Recycling | Identified exit to Factory 7060 | -8/Recycling | Scanned before Scraplab entrance 7100 | -8/Recycling | Entered Scraplab 7113 | -8/Recycling | Discovered new exit (range 3) 7115 | -8/Recycling | Identified exit to Scraptown 7118 | -8/Recycling | Entered Scraptown 7118 | -8/Scraptown | Accompanied by 8 allies 7122 | -8/Scraptown | System corruption cleaned by C-Scrubber 7486 | -8/Scraptown | Visited UFD Registry 7486 | -8/Scraptown | Registered with UFD as "Nutcoil" 7519 | -8/Scraptown | Visited Botcube Research 7532 | -8/Scraptown | Found Lrg. Botcube 7562 | -8/Scraptown | Visited A0-MCA Data Center 7571 | -8/Scraptown | Given a B+ rating by A0-MCA 7575 | -8/Scraptown | Found A0-MCA's Component Scanner 7609 | -8/Scraptown | Visited Analyses Database 7836 | -8/Scraptown | Visited Derelict Rescue Squad 7860 | -8/Scraptown | Found DRS Beacon 7869 | -8/Scraptown | Found DRS Beacon 7899 | -8/Scraptown | Visited Abandonware Association 7917 | -8/Scraptown | Learned abandonware demo "OVRCLOCK.EXE" 7920 | -8/Scraptown | Learned abandonware demo "MELTYB.EXE" 7920 | -8/Scraptown | Learned abandonware demo "REBOOT5.EXE" 7961 | -8/Scraptown | Visited Curators Association 8008 | -8/Scraptown | Visited Research Penetration Think Tank 8056 | -8/Scraptown | Visited Science Guys 8115 | -8/Scraptown | Visited Modified Component R&D 8349 | -8/Scraptown | Met Optimus 8349 | -8/Scraptown | Accepted into 0bPrime 8456 | -8/Scraptown | Discovered exit to Factory (range 5) 8474 | -8/Scraptown | Entered Factory 8474 | -6/Factory | Accompanied by 8 allies 8474 | -6/Factory | Evolved 4 slots: Power x1, Propulsion x1, Utility x1, Weapon x1 8718 | -6/Factory | Spotted B-75 Beast 8728 | -6/Factory | Identified exit to Garrison 8728 | -6/Factory | Entered Garrison 8728 | -6/Garrison | Accompanied by 8 allies 8748 | -6/Garrison | Triggered checkpoint 8813 | -6/Garrison | Lost 3 allies 8825 | -6/Garrison | Build established: Commander-Tank 8858 | -6/Garrison | Triggered checkpoint 8859 | -6/Garrison | Triggered checkpoint 8865 | -6/Garrison | Spotted B-75 Beast 8915 | -6/Garrison | Destroyed B-75 Beast 8925 | -6/Garrison | Lost 5 allies 8968 | -6/Garrison | Triggered checkpoint 9088 | -6/Garrison | Discovered new exit (range 11) 9102 | -6/Garrison | Identified exit to Factory 9165 | -6/Garrison | Learned Factory security intel 9214 | -6/Garrison | Triggered checkpoint 9235 | -6/Garrison | Garrison Relay disabled 9341 | -6/Garrison | Installed Relay Interface Framework 9429 | -6/Garrison | Discovered exit to Factory (range 11) 9504 | -6/Garrison | Triggered checkpoint 9529 | -6/Garrison | Garrison Relay disabled 9694 | -6/Garrison | Triggered checkpoint 9865 | -6/Garrison | Discovered exit to Factory (range 10) 9896 | -6/Garrison | Triggered checkpoint 9900 | -6/Garrison | Triggered checkpoint 9977 | -6/Garrison | Destroyed 7 combat bots 10043 | -6/Garrison | Lost 20 parts (4p6n3u7w) 10145 | -6/Garrison | Garrison Relay disabled 10232 | -6/Garrison | Core integrity fell below 50% 10296 | -6/Garrison | Entered Factory 10521 | -6/Factory | Build established: Scavenger-Tank 10846 | -6/Factory | Build established: Scavenger-Skirmisher 11103 | -6/Factory | Repaired Lrg. Storage Unit 11180 | -6/Factory | Lost 3 parts (1p1n1w) 11280 | -6/Factory | Garrison activated, responded to threat 11370 | -6/Factory | Discovered new exit (range 3) 11372 | -6/Factory | Identified exit to Factory 11571 | -6/Factory | Fabricated O-24 Administrator (x1) 11665 | -6/Factory | Identified exit to Garrison 11665 | -6/Factory | Entered Garrison 12025 | -6/Garrison | Triggered checkpoint 12110 | -6/Garrison | Core integrity fell below 20% 12198 | -6/Garrison | Build established: Scavenger-Gunner 12270 | -6/Garrison | Triggered checkpoint 12313 | -6/Garrison | Garrison Relay disabled 12445 | -6/Garrison | Expanded RIF knowledge: Watcher Feeds 12506 | -6/Garrison | Phase Generator disabled 12506 | -6/Garrison | Build established: Scavenger-Mutant 12566 | -6/Garrison | Triggered checkpoint 12665 | -6/Garrison | Lost 10 parts (1p7n2w) 12787 | -6/Garrison | Triggered checkpoint 12798 | -6/Garrison | Lost 4 parts (1p1n2w) 12810 | -6/Garrison | Discovered exit to Factory (range 11) 12822 | -6/Garrison | Entered Factory 12822 | -5/Factory | Evolved 2 slots: Utility x2 12887 | -5/Factory | Repaired Carbon-fiber Leg 12928 | -5/Factory | Repaired Carbon-fiber Leg 13087 | -5/Factory | Watched by a mysterious "MATRIX" hacker 13228 | -5/Factory | Lost 3 parts (2n1u) 13394 | -5/Factory | Lost 12 parts (2p3n3u4w) 13524 | -5/Factory | Core integrity fell below 50% 13565 | -5/Factory | System corruption reached 10% 13690 | -5/Factory | Lost 4 parts (2n1u1w) 13940 | -5/Factory | P-70 Sage assimilated allied Conveyor 6a 14051 | -5/Factory | Build established: Scavenger-Skirmisher 14095 | -5/Factory | Core integrity fell below 20% 14122 | -5/Factory | Destroyed by S-27 Virus with Autogun Last Messages --------------- 14096_ G-50 Soldier misfires. 14097_ U-05 Engineer lays Concrete. 14099_ U-05 Engineer builds a Wall. 14099_ U-05 Engineer lays Concrete. 14100_ P-70 Sage resets G-50 Soldier, system corruption cleaned. 14100_ K-01 Serf collects debris. 14100_ U-05 Engineer lays Concrete. 14103_ K-01 Serf collects debris. 14103_ U-05 Engineer lays Concrete. 14104_ Tesla Rifle destroyed. 14105_ U-05 Engineer lays Concrete. 14107_ Imp. Heat Sink destroyed. 14107_ U-05 Engineer lays Concrete. 14110_ U-05 Engineer builds a Wall. 14110_ U-05 Engineer lays Concrete. 14110_ K-01 Serf collects debris. 14111_ >> Watcher Feeds: Feed link from W-25 Informer lost. 14111_ ALERT: Security rotation in progress. Map ----- +----------------------------------------------------+ | ?????????????????????????????????????????????????? | | ?????????????????????????????????????????????????? | | ?????????????????????????????????????????????????? | | ?????????????????????????????????????????????????? | | ?????????????????????????????????????????????????? | | ?????????????????????????????????????????????????? | | ?????????????????????????????????????????????????? | | ?????????????????????????????????????????????????? | | ?????????????????????????????????????????????????? | | ?????????????????????????????????????????????????? | | ??????????????????????? ??????????????????????? | | ????????????????????? ??????????????????????? | | ???????????A?????? "?????????????????????? | | ???????????????? "?????????????????????? | | ???????????????? k""""??????????????????? | | ????????????????? """"??????????????????? | | ?????????????????# ???????????????????? | | ?????????????????# R ???????????????????? | | ?????????????????# ????????????????????? | | ?????????????????# ????????????????????? | | ?????????????????# ?????????????????????? | | ?????????????????# ?????????????????????? | | ?????????????????# ??????????????????????? | | ?????????????????# ??????????????????????? | | ?????????????????# #??????????###?????????? | | ?????????????????# @#?????????? ?????????? | | ?????????????????# #?????????? ?????????? | | ?????????????????# #?????????? ?????????? | | ?????????????????# #????????? ?????????? | | ?????????????????# #?????????"" ""????????? | | ????????????????# #????????""" """???#???? | | ?????????????# #???????"""" """" #???? | | ?????????????# #?????? """" """" #???? | | ?????????????# s #?????# """" """" #???? | | ?????????????# s #?????# """" """" #???? | | ######+#######ss #?????# """" """" #???? | | s #?????# #???? | | #############"########## | | | | | | // | | / | | | | """" ]]/ ##########+#############+#######" # | | """" ]// #?????????????????? =# | | """" ]// ###?????????????????? " | | """" #???????????????????? " | | """" #??????????????????????"" """ " | | """" #?????????????????????????""" " | | """" #?????????????????????????""" " | +----------------------------------------------------+ Best States ------------- Heat Dissipation 75 Energy Generation 34 Energy Capacity 340 Matter Stores 300 Matter Capacity 300 Sight Range 16 Robot Scan Range 15 Terrain Scan Range 16 Terrain Scan Density 210 Additional Mass Support 9 Armor Coverage 225 Core Shielding 30 Evasion (%) 64 Target Analysis 6 Recoil Reduction 5 Offensive Hacking 12 Relay Coupler Types 2 Relay Coupler Value 32 Item Schematics ----------------- Lgt. Armor Plating | -8/Materials | Scanalyzed Imp. Sensor Array | -8/Storage | Hacked Imp. Datajack | -8/Recycling | Hacked Lyr. Medium Armor Plating | -8/Recycling | Hacked Fusion Compressor | -8/Recycling | Hacked Jamming Amplifier | -8/Recycling | Hacked Robot Schematics ------------------ O-24 Administrator | -8/Recycling | Hacked Fabricated ------------ O-24 Administrator | x1 | -6/Factory Repaired ---------- Lgt. Treads | 50% | -10/Materials Adv. EMP Blaster | 10% | -8/Storage Shotgun | 1% | -8/Storage Lrg. Storage Unit | 10% | -6/Factory Carbon-fiber Leg | 6% | -5/Factory Carbon-fiber Leg | 68% | -5/Factory Studied --------- Lgt. Treads | -9/Materials | Hacked Katana | -8/Materials | Hacked Alien Tech Used ----------------- None Achievements -------------- Fancy Inventory Wiki Contributor Challenges ------------ None Game ------ Seed ShadingCobblerLeg Manual? 0 Play Time 02:37:26 Cumulative 79.1 hours Start 2026.06.27 @ 11:43:06 End 2026.06.27 @ 14:56:58 Sessions 4 Manual Loads 0 Difficulty Rogue Special Mode None Game No. 92 Rogue 85 Adventurer 0 Explorer 7 Win Type - Total 1 Types 1/0/0/0/0/0/0/0/0/0 Lore% 22 Gallery% 32 Achievement% 28 Wizard Run 0 Options --------- Layout 1 ASCII 0 Keyboard 0 Movement Numpad Keybinds 0 Fullscreen 2 Font 32/SmallcapsGlow Map View 50x35 Zoom Use 0% Tactical HUD 1 Map Filters NONE Filters NONE Steam 1 RUN: bed0920f-231e-4b7c-8855-0d0405ed0a67